3A
WASHINGTON GENERALS @ DELAWARE 1787 BC
08/28/2022
 
TOP OF THE 1ST
Washington Generals batting - Pitching for Delaware 1787 BC : RHP Roberto Calderón
Pitching: RHP Roberto Calderón
Batting: RHB Iván Rodríguez 0-0: Called Strike
0-1: Ball
1-1: Swinging Strike
1-2: Strikes out swinging
Batting: RHB Jim Unknown 0-0: Ball
1-0: Foul Ball, location: 2F
1-1: Ball
2-1: Ball
3-1: Swinging Strike
3-2: Fly out, F9 (Flyball, 9D)
Batting: RHB Carlos Correa 0-0: Ground out 5-3 (Groundball, 56S)
Top of the 1st over - 0 run(s), 0 hit(s), 0 error(s), 0 left on base; Washington 0 - Delaware 0
BOTTOM OF THE 1ST
Delaware 1787 BC batting - Pitching for Washington Generals : RHP Curt Walker
Pitching: RHP Curt Walker
Batting: LHB Tony Vega 0-0: Called Strike
0-1: Ball
1-1: Called Strike
1-2: Foul Ball, location: 2F
1-2: Ground out 1-3 (Groundball, 13)
Batting: LHB José Cordero 0-0: Called Strike
0-1: Ball
1-1: Ball
2-1: Swinging Strike
2-2: Ball
3-2: Base on Balls
Batting: RHB Jim Scott 0-0: Called Strike
0-1: Foul Ball, location: 2F
0-2: Fly out, F9 (Flyball, 89XD)
Batting: RHB Jorge Figueroa 0-0: Ball
José Cordero steals 2nd base
1-0: Called Strike
1-1: Ball
2-1: Foul Ball, location: 2F
2-2: Strikes out swinging
Bottom of the 1st over - 0 run(s), 0 hit(s), 0 error(s), 1 left on base; Washington 0 - Delaware 0
TOP OF THE 2ND
Washington Generals batting - Pitching for Delaware 1787 BC : RHP Roberto Calderón
Batting: RHB Arturo Morales 0-0: Called Strike
0-1: Called Strike
0-2: Ground out 6-3 (Groundball, 6)
Batting: SHB Carlos Alicea 0-0: Ball
1-0: Foul Ball, location: 2F
1-1: Ball
2-1: Foul Ball, location: 2F
2-2: Foul Ball, location: 2F
2-2: Foul Ball, location: 2F
2-2: Ball
3-2: DOUBLE (Line Drive, 89M)
Batting: LHB Michael Whorton 0-0: Ball
1-0: Ball
2-0: Ground out 4-3 (Groundball, 4M)
Carlos Alicea to third
Batting: RHB Jenkins Hall 0-0: Called Strike
0-1: Ball
1-1: Foul Ball, location: 2F
1-2: SINGLE (Line Drive, 9LS)
Carlos Alicea scores
Batting: RHB Tim Lehman 0-0: Ball
1-0: Ball
Jenkins Hall steals 2nd base
2-0: Called Strike
2-1: Swinging Strike
2-2: Strikes out swinging
Top of the 2nd over - 1 run(s), 2 hit(s), 0 error(s), 1 left on base; Washington 1 - Delaware 0
BOTTOM OF THE 2ND
Delaware 1787 BC batting - Pitching for Washington Generals : RHP Curt Walker
Batting: RHB Henrique Shearman 0-0: Called Strike
0-1: Ball
1-1: Foul Ball, location: 2F
1-2: Foul Ball, location: 2F
1-2: Strikes out swinging
Batting: RHB Pedro Rivera 0-0: Ball
1-0: Called Strike
1-1: Ground out 6-3 (Groundball, 6)
Batting: LHB Salvador Avilés 0-0: Called Strike
0-1: Foul Ball, location: 2F
0-2: SINGLE (Line Drive, 9S)
Batting: RHB Mike Greene 0-0: Ball
1-0: Foul Ball, location: 2F
1-1: SINGLE (Groundball, 6MD)
Salvador Avilés to second
Batting: SHB Alonso Solís 0-0: SINGLE (Line Drive, 6MD)
Salvador Avilés to third
Mike Greene to second
Runner from 3rd tries for Home, SAFE, no throw or cutoff
Batting: LHB Tony Vega 0-0: Called Strike
0-1: Called Strike
0-2: Ball
1-2: Foul Ball, location: 2F
1-2: Foul Ball, location: 2F
1-2: Foul Ball, location: 2F
1-2: Ball
2-2: Ground out 6-3 (Groundball, 6)
Bottom of the 2nd over - 1 run(s), 3 hit(s), 0 error(s), 2 left on base; Washington 1 - Delaware 1
TOP OF THE 3RD
Washington Generals batting - Pitching for Delaware 1787 BC : RHP Roberto Calderón
Batting: RHB Andy Moore 0-0: Ball
1-0: Ball
2-0: Ball
3-0: Called Strike
3-1: Base on Balls
Batting: RHB Iván Rodríguez 0-0: Called Strike
0-1: Swinging Strike
0-2: Ball
1-2: Grounds into double play, 5-4-3 (Groundball, 5)
Batting: RHB Jim Unknown 0-0: Ground out 3-1 (Groundball, 34S)
Top of the 3rd over - 0 run(s), 0 hit(s), 0 error(s), 0 left on base; Washington 1 - Delaware 1
BOTTOM OF THE 3RD
Delaware 1787 BC batting - Pitching for Washington Generals : RHP Curt Walker
Batting: LHB José Cordero 0-0: Ball
1-0: Ball
2-0: Fly out, F7 (Flyball, 7M)
Batting: RHB Jim Scott 0-0: Fly out, F3 (Popup, 3SF)
Batting: RHB Jorge Figueroa 0-0: Ball
1-0: Ball
2-0: Called Strike
2-1: Ball
3-1: SINGLE (Groundball, 6MD)
Batting: RHB Henrique Shearman 0-0: Ball
1-0: Fly out, F9 (Line Drive, 9LM)
Bottom of the 3rd over - 0 run(s), 1 hit(s), 0 error(s), 1 left on base; Washington 1 - Delaware 1
TOP OF THE 4TH
Washington Generals batting - Pitching for Delaware 1787 BC : RHP Roberto Calderón
Batting: RHB Carlos Correa 0-0: Ball
1-0: Ball
2-0: SINGLE (Line Drive, 89S)
Batting: RHB Arturo Morales 0-0: Ball
1-0: Called Strike
1-1: Ball
2-1: Foul Ball, location: 2F
2-2: SINGLE (Groundball, 6MD)
Carlos Correa to second
Runner from 2nd tries for 3rd, SAFE, throw made to third
Arturo Morales to second
Batting: SHB Carlos Alicea 0-0: Called Strike
0-1: Fly out, F8 (Flyball, 8LM)
Runner from 3rd tags up, SCORES, throw made
Batting: LHB Michael Whorton 0-0: Ball
1-0: Foul Ball, location: 2F
1-1: Ball
2-1: Ball
3-1: Base on Balls
Batting: RHB Jenkins Hall 0-0: Called Strike
0-1: Foul Ball, location: 2F
0-2: Ball
1-2: Strikes out swinging
Batting: RHB Tim Lehman 0-0: Fly out, F6 (Popup, 6D)
Top of the 4th over - 1 run(s), 2 hit(s), 0 error(s), 2 left on base; Washington 2 - Delaware 1
BOTTOM OF THE 4TH
Delaware 1787 BC batting - Pitching for Washington Generals : RHP Curt Walker
Batting: RHB Pedro Rivera 0-0: Called Strike
0-1: Ball
1-1: Called Strike
1-2: Ball
2-2: Reached on Error, E8 (Flyball, 8RM)
Batting: LHB Salvador Avilés 0-0: Called Strike
0-1: Swinging Strike
0-2: Ball
1-2: Ball
2-2: Ball
3-2: Foul Ball, location: 2F
3-2: Base on Balls
Pedro Rivera to second
Batting: RHB Mike Greene 0-0: Called Strike
0-1: DOUBLE (Line Drive, 5)
Pedro Rivera scores
Salvador Avilés to third
Batting: SHB Alonso Solís 0-0: Ball
1-0: SINGLE (Line Drive, 4D)
Salvador Avilés scores
Mike Greene to third
Batting: LHB Tony Vega 0-0: Called Strike
0-1: Ball
Alonso Solís steals 2nd base
1-1: Intentional Walk
Batting: LHB José Cordero 0-0: Ball
1-0: Fly out, F8 (Flyball, 8LM)
Runner from 3rd tags up, SCORES, throw made
Batting: RHB Jim Scott 0-0: Foul Ball, location: 2F
0-1: Fly out, F8 (Flyball, 8RM)
Batting: RHB Jorge Figueroa 0-0: Called Strike
0-1: Called Strike
0-2: SINGLE (Flyball, 7LS)
Alonso Solís to third
Tony Vega to second
Runner from 3rd tries for Home, SAFE, no throw or cutoff
Pitching: RHP Octávio Rosário
Batting: RHB Henrique Shearman 0-0: Ball
1-0: Ball
2-0: Called Strike
Tony Vega is caught stealing 3rd base
Bottom of the 4th over - 4 run(s), 3 hit(s), 1 error(s), 0 left on base; Washington 2 - Delaware 5
TOP OF THE 5TH
Washington Generals batting - Pitching for Delaware 1787 BC : RHP Roberto Calderón
Batting: RHB Andy Moore 0-0: Called Strike
0-1: Ball
1-1: Ball
2-1: Bunted foul
2-2: Reached on error, E6 (Groundball, 6)
Batting: RHB Iván Rodríguez 0-0: Ball
Andy Moore steals 2nd base
1-0: Ball
2-0: Ball
3-0: Called Strike
3-1: Foul Ball, location: 2F
3-2: Base on Balls
Batting: RHB Jim Unknown 0-0: Fielders Choice at 2nd, 5-4 (Groundball, 5)
Andy Moore to third
Batting: RHB Carlos Correa 0-0: Ball
1-0: Foul Ball, location: 2F
1-1: Ball
2-1: Ball
3-1: Foul Ball, location: 2F
3-2: Fly out, F3 (Popup, 23)
Batting: RHB Arturo Morales 0-0: Ball
1-0: Ball
2-0: Foul Ball, location: 2F
2-1: Ball
3-1: SINGLE (Groundball, 56D) (infield hit)
Andy Moore scores
Jim Unknown to second
Batting: SHB Carlos Alicea 0-0: Called Strike
0-1: Ball
1-1: Fly out, F7 (Flyball, 78S)
Top of the 5th over - 1 run(s), 1 hit(s), 1 error(s), 2 left on base; Washington 3 - Delaware 5
BOTTOM OF THE 5TH
Delaware 1787 BC batting - Pitching for Washington Generals : RHP Octávio Rosário
Batting: RHB Henrique Shearman 0-0: Called Strike
0-1: Ball
1-1: Called Strike
1-2: Foul Ball, location: 2F
1-2: SINGLE (Groundball, 5D)
Batting: RHB Pedro Rivera 0-0: Bunted foul
0-1: Sac Bunt - play at first, batter OUT! 1-4
Henrique Shearman to second
Batting: LHB Salvador Avilés 0-0: Ball
1-0: Called Strike
1-1: Ball
2-1: Fly out, F7 (Flyball, 78M)
Batting: RHB Mike Greene 0-0: Foul Ball, location: 2F
0-1: Ball
1-1: Foul Ball, location: 2F
1-2: Strikes out swinging
Bottom of the 5th over - 0 run(s), 1 hit(s), 0 error(s), 1 left on base; Washington 3 - Delaware 5
TOP OF THE 6TH
Washington Generals batting - Pitching for Delaware 1787 BC : RHP Roberto Calderón
Batting: LHB Michael Whorton 0-0: Fly out, F7 (Flyball, 7LM)
Batting: RHB Jenkins Hall 0-0: Ball
1-0: Ball
2-0: Foul Ball, location: 2F
2-1: Bunt missed!
2-2: Foul Ball, location: 2F
2-2: Strikes out swinging
Batting: RHB Tim Lehman 0-0: Ball
1-0: Called Strike
1-1: Ball
2-1: Ball
3-1: Base on Balls
Batting: RHB Andy Moore 0-0: Called Strike
0-1: Ball
1-1: Ball
2-1: Ball
3-1: Foul Ball, location: 2F
3-2: Strikes out looking
Top of the 6th over - 0 run(s), 0 hit(s), 0 error(s), 1 left on base; Washington 3 - Delaware 5
BOTTOM OF THE 6TH
Delaware 1787 BC batting - Pitching for Washington Generals : RHP Octávio Rosário
Batting: SHB Alonso Solís 0-0: Called Strike
0-1: Called Strike
0-2: Ball
1-2: Ball
2-2: Strikes out looking
Batting: LHB Tony Vega 0-0: Foul Ball, location: 2F
0-1: Foul Ball, location: 2F
0-2: Ball
1-2: Ball
2-2: Fly out, F7 (Line Drive, 78S)
Batting: LHB José Cordero 0-0: Ball
1-0: DOUBLE (Flyball, 9M)
Batting: RHB Jim Scott 0-0: Intentional Walk
Batting: RHB Jorge Figueroa 0-0: Called Strike
0-1: Foul Ball, location: 2F
0-2: Ball
1-2: Strikes out swinging
Bottom of the 6th over - 0 run(s), 1 hit(s), 0 error(s), 2 left on base; Washington 3 - Delaware 5
TOP OF THE 7TH
Washington Generals batting - Pitching for Delaware 1787 BC : RHP Roberto Calderón
Batting: RHB Iván Rodríguez 0-0: Called Strike
0-1: Ball
1-1: Ball
2-1: Ball
3-1: Ground out 6-3 (Groundball, 6)
Batting: RHB Jim Unknown 0-0: Ball
1-0: Ball
2-0: Ball
3-0: Called Strike
3-1: Ground out 5-3 (Groundball, 5L)
Batting: RHB Carlos Correa 0-0: Ball
1-0: Ball
2-0: Called Strike
2-1: Ball
3-1: Called Strike
3-2: Fly out, F7 (Flyball, 78M)
Top of the 7th over - 0 run(s), 0 hit(s), 0 error(s), 0 left on base; Washington 3 - Delaware 5
BOTTOM OF THE 7TH
Delaware 1787 BC batting - Pitching for Washington Generals : RHP Octávio Rosário
Batting: RHB Henrique Shearman 0-0: Ball
1-0: Ball
2-0: Called Strike
2-1: SINGLE (Line Drive, 78S)
Batting: RHB Pedro Rivera 0-0: Ball
1-0: Foul Ball, location: 2F
1-1: Ball
2-1: Sac Bunt - play at first, batter OUT! 1-4
Henrique Shearman to second
Batting: LHB Salvador Avilés 0-0: Foul Ball, location: 2F
0-1: Swinging Strike
0-2: Strikes out swinging
Batting: RHB Mike Greene 0-0: Ball
1-0: Ground out 6-3 (Groundball, 56)
Bottom of the 7th over - 0 run(s), 1 hit(s), 0 error(s), 1 left on base; Washington 3 - Delaware 5
TOP OF THE 8TH
Washington Generals batting - Pitching for Delaware 1787 BC : RHP Roberto Calderón
Pitching: RHP Jim Unknown
Batting: RHB Arturo Morales 0-0: Ball
1-0: Foul Ball, location: 2F
1-1: Foul Ball, location: 2F
1-2: Foul Ball, location: 2F
1-2: Ball
2-2: Strikes out looking
Batting: SHB Carlos Alicea 0-0: Ball
1-0: Called Strike
1-1: Fly out, F7 (Flyball, 7M)
Batting: LHB Michael Whorton 0-0: Ball
1-0: Called Strike
1-1: Called Strike
1-2: Ball
2-2: Ball
3-2: Foul Ball, location: 2F
3-2: Foul Ball, location: 2F
3-2: Strikes out swinging
Top of the 8th over - 0 run(s), 0 hit(s), 0 error(s), 0 left on base; Washington 3 - Delaware 5
BOTTOM OF THE 8TH
Delaware 1787 BC batting - Pitching for Washington Generals : RHP Octávio Rosário
Batting: SHB Alonso Solís 0-0: Called Strike
0-1: Ball
1-1: Called Strike
1-2: Ball
2-2: Foul Ball, location: 2F
2-2: Strikes out swinging
Batting: LHB Tony Vega 0-0: Ground out 5-3 (Groundball, 15S)
Batting: LHB José Cordero 0-0: Called Strike
0-1: Ball
1-1: Ball
2-1: Fly out, F8 (Flyball, 8RS)
Bottom of the 8th over - 0 run(s), 0 hit(s), 0 error(s), 0 left on base; Washington 3 - Delaware 5
TOP OF THE 9TH
Washington Generals batting - Pitching for Delaware 1787 BC : RHP Jim Unknown
Batting: RHB Jenkins Hall 0-0: Ball
1-0: Ground out 6-3 (Groundball, 6)
Batting: RHB Tim Lehman 0-0: Called Strike
0-1: Swinging Strike
0-2: Ball
1-2: Ball
2-2: Strikes out swinging
Batting: RHB Andy Moore 0-0: Called Strike
0-1: Called Strike
0-2: Ball
1-2: Strikes out swinging
Top of the 9th over - 0 run(s), 0 hit(s), 0 error(s), 0 left on base; Washington 3 - Delaware 5
This league is powered by Out of the Park Baseball, the baseball management simulation game for PC, Mac and Linux
Friday, April 15th, 2016 - OOTP Baseball 16.9 Build 39